 Dungeon Crawl Stone Soup version 0.29-a0-582-ge82337ba6a (webtiles) character file.

Game seed: 2113391296478136780

71 spaghetti the Sneak (level 4, 0/48 HPs)
             Began as a Gnoll Wanderer on June 15, 2022.
             Was a Follower of Sif Muna.
             Killed from afar by Natasha (7 damage)
             ... with a magic dart
             ... on level 3 of the Dungeon.
             The game lasted 00:03:33 (2161 turns).

spaghetti the Sneak (Gnoll Wanderer)                Turns: 2161, Time: 00:03:33

Health: 0/48       AC: 22    Str: 12    XL:     4   Next: 24%
Magic:  8/8        EV:  2    Int: 13    God:    Sif Muna [*.....]
Gold:   34         SH:  0    Dex: 11    Spells: 3/9 levels left

rFire   . . .      SeeInvis .   a - +0 dagger {short}
rCold   . . .      Faith    .   (no shield)
rNeg    . . .      Spirit   .   (body armour currently unavailable)
rPois   +          Reflect  .   (helmet currently unavailable)
rElec   .          Harm     .   (cloak currently unavailable)
rCorr   .          Rampage  .   (gloves currently unavailable)
Will    .....      NoTele   +   (boots currently unavailable)
Stlth   +++.......              (no amulet)
HPRegen 0.16/turn               (no ring)
MPRegen 0.11/turn               (no ring)

@: tree-form, channelling
A: stationary, stasis, torment immunity, boosted hp, (fangs 1), strong nose,
distributed training
a: Renounce Religion, Channel Magic


You were on level 3 of the Dungeon.
You worshipped Sif Muna.
Sif Muna was aware of your devotion.
You were a tree.
You visited 1 branch of the dungeon, and saw 3 of its levels.

You collected 34 gold pieces.


Innate Abilities, Weirdness & Mutations

You are a tree.
Your roots penetrate the ground, keeping you stationary.
You cannot be teleported.
You are immune to unholy pain and torment.
Your maximum health is greatly increased.
Your equipment is partially melded.
((You have very sharp teeth.))
Your uncanny sense of smell can sniff out nearby items.
Your experience applies equally to all skills.


   Skills:
 + Level 1.1 Fighting
 + Level 1.1 Short Blades
 + Level 1.1 Long Blades
 + Level 1.1 Axes
 + Level 1.1 Maces & Flails
 + Level 1.1 Polearms
 + Level 1.1 Staves
 + Level 1.1 Slings
 + Level 1.1 Bows
 + Level 1.1 Crossbows
 + Level 4.6 Throwing
 + Level 1.1 Armour
 + Level 1.1 Dodging
 + Level 6.0 Stealth
 + Level 1.1 Shields
 + Level 1.1 Unarmed Combat
 + Level 3.0 Spellcasting
 + Level 3.8 Conjurations
 + Level 0.8 Hexes
 + Level 0.8 Summonings
 + Level 0.8 Necromancy
 + Level 0.8 Translocations
 + Level 0.8 Transmutations
 + Level 0.8 Fire Magic
 + Level 0.8 Ice Magic
 + Level 0.8 Air Magic
 + Level 0.8 Earth Magic
 + Level 0.8 Poison Magic
 + Level 1.2 Invocations
 + Level 4.6 Evocations


You had 3 spell levels left.
You knew the following spells:

 Your Spells              Type           Power      Damage    Failure   Level
a - Magic Dart            Conj           44%        1d5       4%          1
b - Call Imp              Summ           4%         N/A       24%         2
c - Stone Arrow           Conj/Erth      16%        3d8       26%         3

Your spell library contained the following spells:

 Spells                   Type           Power      Damage    Failure   Level
 Mephitic Cloud           Conj/Pois/Air  6%         N/A       32%         3

Inventory:

Hand Weapons
 a - a +0 dagger (weapon) {short}
 v - a +4 mace {mace}
   (You found it on level 2 of the Dungeon)
Missiles
 b - an atropa-tipped dart {throwing}
 c - 2 datura-tipped darts {throwing}
 h - 18 stones {throwing}
Armour
 f - a +0 leather armour (melded)
Wands
 d - a wand of flame (1)
Scrolls
 g - a scroll of enchant weapon {unknown}
 i - 3 scrolls of identify {unknown}
 j - a scroll of magic mapping {unknown}
 k - a scroll of torment {unknown}
 p - 2 scrolls of fog {unknown}
 s - a scroll of noise {unknown}
 u - a scroll of poison {unknown}
Potions
 e - 2 potions of lignification {!q}
 l - a potion of magic {unknown}
 m - a potion of invisibility {unknown}
 n - a potion of attraction {unknown}
 o - a potion of curing {unknown}
 q - a potion of haste {unknown}
 r - a potion of mutation {unknown}
 t - a potion of flight {unknown}
 w - 2 potions of degeneration {unknown}

Dungeon Overview and Level Annotations

Branches:
Dungeon (3/15)

Altars:
Sif Muna

Annotations:
D:3 Natasha

... #.# #) #.# #.
#.#
#.###.###.#..# #
#<...........#
#.##..##.####...†
#......#.## #
####.....♣###.
#.........h......
#....<...........
#..........##.#.#
#...............
....†...........
.#
###..........!...
# #.........#####
#.........#


You could see Natasha.


Message History

A frilled lizard comes into view.
You see here 2 sedimented blue potions. 😎 MP[+2]
Your mp is fully restored (8).
A frilled lizard is nearby!
The magic dart hits the frilled lizard.
You kill the frilled lizard!
Sif Muna accepts your kill.
Your Spellcasting skill increases to level 3! 😎 MP[-1]
You lost 1 mp, and now have 7/8 mp.
No target in view!
No target in view!
No target in view!
No target in view!
No target in view!
No target in view!
No target in view!
No target in view!
w - 2 sedimented blue potions 😎 MP[+1]
Your mp is fully restored (8).
Natasha, Servant of Life and Death comes into view.
The magic dart hits Natasha but does no damage.
Natasha hisses angrily. 😎 MP[-1]
You lost 1 mp, and now have 7/8 mp.
The magic dart hits Natasha.
The magic dart hits Natasha.
The magic dart hits Natasha but does no damage.
You barely miss Natasha. Natasha claws you.
You are too injured to fight recklessly! 😕 HP[-2] MP[-3]
You take 2 damage, and now have 30/32 hp.
You lost 3 mp, and now have 4/8 mp.
You are too injured to fight recklessly!
You are too injured to fight recklessly!
You are too injured to fight recklessly!
You are too injured to fight recklessly!
You are too injured to fight recklessly!
You are too injured to fight recklessly!
You are too injured to fight recklessly!
You are too injured to fight recklessly!
You are too injured to fight recklessly!
You are too injured to fight recklessly!
You are too injured to fight recklessly!
You are too injured to fight recklessly!
You are too injured to fight recklessly!
You are too injured to fight recklessly!
You are too injured to fight recklessly!
You are too injured to fight recklessly!
You are too injured to fight recklessly!
You are too injured to fight recklessly!
You are too injured to fight recklessly!
Unknown command.
Casting: Magic Dart (safe; 6% risk of failure)
Confirm with . or Enter, or press ? or * to list all spells.
The spell is quite dangerous to miscast (32% risk of failure)!
Continue anyway?
Aiming: Stone Arrow (quite dangerous; 32% risk of failure)
Press: ? - help, Shift-Dir - straight line, f/p - Natasha
Aim: Natasha (moderately wounded, 55% to hit)
The stone arrow misses Natasha.
Natasha claws you! 😮 HP[-8] MP[-3]
You take 8 damage, and now have 22/32 hp.
MASSIVE DAMAGE!! (PAUSE)
You lost 3 mp, and now have 1/8 mp.
Unknown command.
Unknown command.
You hit Natasha but do no damage. Natasha casts a spell at you.
The magic dart hits you!
* * * LOW HITPOINT WARNING * * *
😨 HP[-9]
You take 9 damage, and now have 13/32 hp.
MASSIVE DAMAGE!! (PAUSE) Unknown command.
You fail to use your ability.
Natasha barely misses you.
Unknown command.
Okay, then.
You fail to use your ability.
Natasha claws you.
* * * LOW HITPOINT WARNING * * *
😨 HP[-4] MP[+1]
You take 4 damage, and now have 9/32 hp.
Unknown command.
Natasha stares at you and mumbles some strange words.
The magic dart hits you.
* * * LOW HITPOINT WARNING * * *
😱 HP[-5] MP[+4]
You take 5 damage, and now have 4/32 hp.
You regained 4 mp, and now have 6/8 mp.
Really quaff
e - 3 potions of lignification {!q}?
Really quaff the potion of lignification?
You turn into a tree.
Your +0 leather armour melds into your body.
Your roots penetrate the ground.
Natasha casts a spell at you. The magic dart hits you!
You die...

Skill      XL: |  1  2  3  4 |
---------------+-------------+-----
Stealth        | 6 |  6.0
Invocations    | 1 |  1.2
Fighting       | 1 |  1.1
Short Blades   | 1 |  1.1
Long Blades    | 1 |  1.1
Axes           | 1 |  1.1
Maces & Flails | 1 |  1.1
Polearms       | 1 |  1.1
Staves         | 1 |  1.1
Slings         | 1 |  1.1
Bows           | 1 |  1.1
Crossbows      | 1 |  1.1
Armour         | 1 |  1.1
Dodging        | 1 |  1.1
Shields        | 1 |  1.1
Unarmed Combat | 1 |  1.1
Spellcasting   | 3 |  3.0
Throwing       | |  4.6
Conjurations   | |  3.8
Hexes          | |  0.8
Summonings     | |  0.8
Necromancy     | |  0.8
Translocations | |  0.8
Transmutations | |  0.8
Fire Magic     | |  0.8
Ice Magic      | |  0.8
Air Magic      | |  0.8
Earth Magic    | |  0.8
Poison Magic   | |  0.8
Evocations     | |  4.6

Action                   |  1- 3 |  4- 6 || total
-------------------------+-------+-------++-------
Melee: Dagger            |    28 |    32 ||    60
       Bite              |     2 |     1 ||     3
       Punch             |       |     1 ||     1
 Cast: Magic Dart        |    71 |    26 ||    97
       Stone Arrow       |       |     1 ||     1
Invok: Channel Magic     |       |     1 ||     1
Evoke: Wand              |     3 |       ||     3
  Use: Potion            |       |     1 ||     1
 Stab: Sleeping          |       |     1 ||     1
Armor: Leather armour    |    21 |     9 ||    30
Dodge: Dodged            |    41 |    10 ||    51

Levels and vault maps discovered:
D:1:      spicycebolla_arrival_xxxplode, layout_rooms
D:2:      layout_rooms, shapermc_ecumenical_altar_notcrosses,
          minmay_misc_feat_room
D:3:      wander_river, layout_loops_ring, mainiacjoe_overflow_swirl,
          portal_sewer_entry_b, uniq_natasha

Notes
Turn   | Place    | Note
-------+----------+-------------------------------------------
     0 | D:1      | spaghetti the Gnoll Wanderer began the quest for the Orb.
     0 | D:1      | spaghetti set off with the following items: a +0 dagger
                  | {short}, an atropa-tipped dart {throwing}, 2 datura-tipped
                  | darts {throwing}, a wand of flame (4), a potion of
                  | lignification {!q}, a +0 leather armour; and the following
                  | spell memorised: Magic Dart; and the following spells
                  | available to memorise: Stone Arrow
     0 | D:1      | Reached XP level 1. HP: 13/13 MP: 4/4
     0 | D:1      | magus.rc [v1.9.6]
    27 | D:1      | Reached XP level 2. HP: 8/19 MP: 3/5
   468 | D:1      | Reached XP level 3. HP: 25/25 MP: 4/7
   789 | D:1      | Reached skill level 6 in Stealth
  1057 | D:2      | Reached skill level 1 in Invocations
  1196 | D:2      | Reached skill level 1 in Fighting
  1196 | D:2      | Reached skill level 1 in Short Blades
  1196 | D:2      | Reached skill level 1 in Long Blades
  1196 | D:2      | Reached skill level 1 in Axes
  1196 | D:2      | Reached skill level 1 in Maces & Flails
  1196 | D:2      | Reached skill level 1 in Polearms
  1196 | D:2      | Reached skill level 1 in Staves
  1196 | D:2      | Reached skill level 1 in Slings
  1196 | D:2      | Reached skill level 1 in Bows
  1196 | D:2      | Reached skill level 1 in Crossbows
  1196 | D:2      | Reached skill level 1 in Armour
  1196 | D:2      | Reached skill level 1 in Dodging
  1196 | D:2      | Reached skill level 1 in Shields
  1196 | D:2      | Reached skill level 1 in Unarmed Combat
  1405 | D:2      | You pick up a book of Minor Magic and begin reading...
  1405 | D:2      | You add the spells Call Imp and Mephitic Cloud to your
                  | library.
  1588 | D:2      | Reached XP level 4. HP: 32/32 MP: 6/8
  1591 | D:2      | Learned a level 2 spell: Call Imp
  1595 | D:2      | Learned a level 3 spell: Stone Arrow
  1907 | D:2      | Found a faded altar of an unknown god.
  1921 | D:2      | Prayed at the altar of an unknown god.
  1921 | D:2      | Became a worshipper of Sif Muna the Loreminder
  1921 | D:2      | Reached * piety under Sif Muna
  2139 | D:3      | Reached skill level 3 in Spellcasting
  2150 | D:3      | Noticed Natasha
  2160 | D:3      | HP: 4/32 [Natasha/magic dart (5)]
  2161 | D:3      | Killed from afar by Natasha

Vanquished Creatures
  A gnoll (D:1)
  An adder (D:2)
  A worm (D:2)
  A dart slug (D:1)
  8 bats
  2 endoplasms (D:2)
  5 giant cockroaches
  2 goblins
  5 hobgoblins
  3 quokkas
  5 ball pythons
  4 frilled lizards
  2 kobolds (D:1)
  5 rats
45 creatures vanquished.

Table legend:
 A = Non-vault XP
 B = Vault XP
 C = Vault XP percentage of total XP
 D = Non-vault monster count
 E = Vault monster count
 F = Vault count percentage of total count
                 A         B        C        D         E       F
            +---------+---------+-------+---------+---------+-------
      Total |     102 |       0 |   0.0 |      45 |       0 |   0.0
            +---------+---------+-------+---------+---------+-------
        D:1 |      53 |       0 |   0.0 |      23 |       0 |   0.0
        D:2 |      43 |       0 |   0.0 |      18 |       0 |   0.0
        D:3 |       6 |       0 |   0.0 |       4 |       0 |   0.0
            +---------+---------+-------+---------+---------+-------

Illustrated notes

Table legend:
 A = Kills in this place as a percentage of kills in entire the game.
 B = Kills by you in this place as a percentage of kills by you in the entire game.
 C = Kills by friends in this place as a percentage of kills by friends in the entire game.
 D = Other kills in this place as a percentage of other kills in the entire game.
 E = Experience gained in this place as a percentage of experience gained in the entire game.
 F = Experience gained in this place divided by the number of levels of this place that you have seen.
                   A       B       C       D       E      F
               +-------+-------+-------+-------+-------+----------------------
         Total | 100.0 | 100.0 |   N/A |   N/A | 100.0 |  34.0
       Dungeon | 100.0 | 100.0 |   N/A |   N/A | 100.0 |  34.0
               +-------+-------+-------+-------+-------+----------------------

Table legend: (Time is in decaauts)
 A = Elapsed time spent in this place.
 B = Non-inter-level travel time spent in this place.
 C = Inter-level travel time spent in this place.
 D = Time resting spent in this place.
 E = Time spent auto-exploring this place.
 F = Levels seen in this place.
 G = Mean time per level.
                   A        B        C        D        E       F      G
               +--------+--------+--------+--------+--------+-----+--------+
         Total |   2172 |   2126 |     46 |      0 |   1842 |   3 |  724.0 |
       Dungeon |   2172 |   2126 |     46 |      0 |   1842 |   3 |  724.0 |
               +--------+--------+--------+--------+--------+-----+--------+

Top non-repeatable levels by time:
     D:1: 1061 daAuts
     D:2: 985 daAuts
     D:3: 125 daAuts
